 Dungeon Crawl Stone Soup version 0.29.1-1-gd02db6906a (webtiles) character file.

Game seed: 17303093294883463670

987 safid the Shooter (level 7, -1/63 (67) HPs)
             Began as a Minotaur Hunter on Sept 17, 2022.
             Slain by a wight
             ... wielding a +3 morningstar of freezing
              (4 damage)
             ... on level 6 of the Dungeon on Sept 18, 2022.
             The game lasted 00:07:19 (5485 turns).

safid the Shooter (Minotaur Hunter)                 Turns: 5485, Time: 00:07:20

HP:   -1/63 (67)    AC:  4    Str: 15    XL:     7   Next: 97%
MP:   6/6           EV: 13    Int:  6    God:
Gold: 412           SH:  5    Dex: 16    Spells: 6/6 levels left

rFire   . . .      SeeInvis .   a - +0 shortbow
rCold   . . .      Faith    .   (shield currently unavailable)
rNeg    + . .      Spirit   .   c - +0 leather armour
rPois   .          Reflect  +   (helmet restricted)
rElec   .          Harm     .   v - +0 cloak
rCorr   +          Rampage  .   (no gloves)
Will    .....                   (no boots)
Stlth   +.........              p - amulet of reflection
HPRegen 0.20/turn               f - ring of positive energy
MPRegen 0.10/turn               h - ring of resist corrosion

@: drained
A: horns 2, retaliatory headbutt
a: no special abilities


You were on level 6 of the Dungeon.
You visited 1 branch of the dungeon, and saw 6 of its levels.

You collected 412 gold pieces.

Inventory:

Hand Weapons
 a - a +0 shortbow (weapon)
Missiles
 r - 5 javelins
Armour
 c - a +0 leather armour (worn)
 v - a +0 cloak (worn)
Jewellery
 f - a ring of positive energy (left hand)
 h - a ring of resist corrosion (right hand)
 p - an amulet of reflection (around neck)
 x - an amulet of faith
Wands
 y - a wand of mindburst (14)
Scrolls
 b - 3 scrolls of brand weapon {unknown}
 e - 4 scrolls of vulnerability {unknown}
 g - 2 scrolls of noise {unknown}
 i - a scroll of identify {unknown}
 k - 4 scrolls of teleportation {unknown}
 l - a scroll of butterflies {unknown}
 n - 2 scrolls of magic mapping {unknown}
 u - a scroll of acquirement {unknown}
 w - a scroll of silence {unknown}
 z - a scroll of amnesia {unknown}
 A - 2 scrolls of summoning {unknown}
 B - 2 scrolls of torment {unknown}
Potions
 d - 2 potions of heal wounds {unknown}
 j - 3 potions of invisibility {unknown}
 m - a potion of cancellation {unknown}
 o - 2 potions of curing {unknown}
 q - a potion of magic {unknown}
 s - a potion of lignification {unknown}
 t - a potion of mutation {unknown}


   Skills:
 + Level 7.8 Fighting
 + Level 7.9 Ranged Weapons
 - Level 4.0 Dodging
 - Level 0.7 Stealth


You had 6 spell levels left.
You didn't know any spells.
Your spell library contained the following spells:

 Spells                   Type           Power      Damage    Failure   Level
 Apportation              Tloc           0%         N/A       52%         1
 Necrotise                Necr           0%         1d4       52%         1
 Sting                    Tmut/Pois      0%         1d3       52%         1
 Summon Small Mammal      Summ           0%         N/A       52%         1
 Poisonous Vapours        Pois/Air       0%         N/A       67%         2
 Static Discharge         Conj/Air       0%         3-3/arc   67%         2
 Dispel Undead            Necr           0%         3d6       99%         4
 Olgreb's Toxic Radiance  Pois           0%         N/A       99%         4
 Sticky Flame             Conj/Fire      0%         2d3       99%         4


Dungeon Overview and Level Annotations

Branches:
Dungeon (6/15)
 Temple: D:4-7

Altars:
Dithmenos
Yredelemnul

Shops:
D:3 :

Annotations:
D:1 1 transporter


Innate Abilities, Weirdness & Mutations

You have a pair of horns on your head.
You reflexively headbutt those who attack you in melee.


Message History

a +0 falchion; a +0 leather armour A wight comes into view.
It is wielding a +3 morningstar of freezing.
You shoot an arrow. The arrow closely misses the wight.
A wight comes into view. It is wielding a +0 falchion.
You shoot an arrow. The arrow hits the wight.
The wight is lightly damaged.
The wight hits you with a +3 morningstar of freezing.
The wight freezes you.
A wight comes into view. It is wielding a +3 long sword.
The wight moves out of view.
You shoot an arrow. The arrow barely misses the wight.
The wight hits you with a +3 morningstar of freezing.
The wight freezes you.
You shoot an arrow. The arrow hits the wight.
The wight is moderately damaged.
The wight hits you with a +3 morningstar of freezing!
The wight freezes you. The wight hits you with a +0 falchion.
You partially resist.
You feel drained.
You shoot an arrow. The arrow hits the wight!
The wight is severely damaged.
The wight misses you. The wight closely misses you.
The wight attacks as you move away! The wight hits you with a +0 falchion.
The wight attacks as you move away! The wight misses you.
The wight attacks as you move away! You block the wight's attack.
The wight attacks as you move away!
The wight hits you with a +3 morningstar of freezing!!
You partially resist.
You feel drained. The wight freezes you.
* * * LOW HITPOINT WARNING * * *
Things that are here:
a +0 falchion; a +0 leather armour The wight attacks as you move away!
The wight hits you with a +3 morningstar of freezing!
* * * LOW HITPOINT WARNING * * *
The wight freezes you.
* * * LOW HITPOINT WARNING * * *
The wight attacks as you move away!
The wight hits you with a +3 morningstar of freezing!
* * * LOW HITPOINT WARNING * * *
You partially resist.
You feel drained. The wight freezes you.
You die...

######## #...@z.#
###### #.####.#
#..... #.#
##)#########.####
####.###.#z.zz......#
#......##.###########
#......############
#..#.#.# #.......#
#..#.#.####.......#
#..#.#.....[....[.#


You could see a wight.

Vanquished Creatures
  An ice beast (D:6)
  2 ogres
  2 centaurs
  A necrophage (D:4)
  A scorpion (D:5)
  A jelly (D:5)
  2 hounds (D:5)
  A gnoll bouda (D:5)
  An iguana (D:4)
  3 orc wizards
  5 gnolls (D:5)
  7 adders
  A shadow imp (D:5)
  2 ufetubi
  A worm (D:2)
  4 dart slugs
  9 orcs
  4 bats
  2 endoplasms (D:2)
  3 giant cockroaches
  3 goblins
  8 hobgoblins
  7 jackals
  9 kobolds
  4 quokkas
  3 ball pythons
  7 frilled lizards
  6 rats
100 creatures vanquished.

Notes
Turn   | Place    | Note
-------+----------+-------------------------------------------
     0 | D:1      | safid the Minotaur Hunter began the quest for the Orb.
     0 | D:1      | Reached XP level 1. HP: 18/18 MP: 0/0
   107 | D:1      | Found a faded altar of an unknown god.
   108 | D:1      | Noticed an eye of devastation
   110 | D:1      | Noticed a great orb of eyes
   111 | D:1      | Noticed a shining eye
   111 | D:1      | Noticed a shining eye
   114 | D:1      | Reached XP level 2. HP: 25/25 MP: 1/1
   610 | D:2      | Reached XP level 3. HP: 31/31 MP: 2/2
   855 | D:2      | Reached skill level 5 in Ranged Weapons
   995 | D:2      | Reached XP level 4. HP: 39/39 MP: 3/3
  2063 | D:3      | Found Kacyiph's Book Shop.
  2310 | D:3      | Reached XP level 5. HP: 28/46 MP: 4/4
  2828 | D:4      | Reached skill level 5 in Fighting
  2936 | D:4      | Found a shadowy altar of Dithmenos.
  2982 | D:4      | Reached XP level 6. HP: 21/56 MP: 5/5
  3205 | D:4      | Found a basalt altar of Yredelemnul.
  3574 | D:5      | Entered Level 5 of the Dungeon
  3992 | D:5      | Reached XP level 7. HP: 31/64 MP: 6/6
  5485 | D:6      | HP: 3/64 [wight/+3 morningstar of freezing (8)]
  5485 | D:6      | Slain by a wight

Illustrated notes

Levels and vault maps discovered:
D:1:      spicycebolla_arrival_transporter_tutorial, layout_basic,
          hellmonk_ecumenical_altar_watching_god, chequers_arboretum
D:2:      layout_basic, minmay_split_cup_small
D:3:      kennysheep_big_flooded_room, layout_loops_ring, serial_shops,
          shop_statue
D:4:      layout_cave_pools, mainiacjoe_overflow_24_doors,
          mainiacjoe_overflow_tiny_flanked, minmay_liquid_box,
          hangedman_decor_opposing
D:5:      layout_gridville, hangedman_decor_riveting
D:6:      layout_loops_cross

Skill      XL: |  1  2  3  4  5  6  7 |
---------------+----------------------+-----
Fighting       | 3 4 5 6 7 |  7.8
Dodging        | 3 4 |  4.0
Ranged Weapons | 5 6 7 |  7.9
Stealth        | |  0.7

Action                   |  1- 3 |  4- 6 |  7- 9 || total
-------------------------+-------+-------+-------++-------
 Fire: Shortbow          |    78 |   202 |    91 ||   371
Armor: Leather armour    |     4 |    19 |     4 ||    27
Dodge: Dodged            |    36 |    68 |    64 ||   168
Block: Other             |       |    23 |    15 ||    38
       Reflection        |       |       |     1 ||     1
